 Dungeon Crawl Stone Soup version 0.22.1-1-ga44c0e5 (webtiles) character file.

2453 Lauz the Cleaver (level 9, -7/79 HPs)
             Began as a Minotaur Berserker on Oct 14, 2018.
             Was an Elder of Trog.
             Mangled by an orc warrior
             ... wielding the +7 scimitar of Lap Ges {speed, -Tele +Inv Str+4 Int+10}
              (24 damage)
             ... on level 6 of the Dungeon.
             The game lasted 00:17:54 (5295 turns).

Lauz the Cleaver (Minotaur Berserker)               Turns: 5295, Time: 00:17:55

Health: -7/79      AC: 10    Str: 25    XL:     9   Next: 25%
Magic:  8/8        EV:  9    Int:  4    God:    Trog [****..]
Gold:   403        SH:  0    Dex: 10    Spells: 8/8 levels left

rFire    . . .     SeeInvis +   u - +0 war axe
rCold    . . .     Gourm    .   (no shield)
rNeg     . . .     Faith    .   x - +3 chain mail
rPois    .         Spirit   .   (helmet restricted)
rElec    .         Reflect  .   y - +0 cloak
rCorr    +         Harm     .   p - +0 pair of gloves
MR       .....                  (no boots)
Stlth    ..........             (no amulet)
HPRegen  0.23/turn              E - ring of resist corrosion
MPRegen  0.11/turn              d - ring of see invisible

@: lethally poisoned (-7 -> -12), corroded, berserk cooldown, slowed, very slow
A: retaliatory headbutt, horns 2
a: Berserk, Trog's Hand, Brothers in Arms, Renounce Religion


You were on level 6 of the Dungeon.
You worshipped Trog.
Trog was greatly pleased with you.
You were very hungry.

You visited 1 branch of the dungeon, and saw 6 of its levels.

You collected 403 gold pieces.

Inventory:

Hand Weapons
 a - a +0 hand axe
 u - a +0 war axe (weapon)
 v - the +5 glaive of Urharej {vamp, +Inv}
   (You found it on level 4 of the Dungeon)

   It inflicts no extra harm, but heals its wielder when it wounds a living foe.
   It lets you turn invisible.
Armour
 b - a +0 animal skin
 f - a +0 ring mail
 p - a +0 pair of gloves (worn)
 x - a +3 chain mail (worn)
 y - a +0 cloak (worn)
Jewellery
 d - a ring of see invisible (right hand)
 E - a ring of resist corrosion (left hand)
Wands
 s - a wand of random effects (21)
 C - a wand of flame (14)
 D - a wand of iceblast (7)
Scrolls
 i - a scroll of magic mapping
 j - a scroll of blinking {unknown}
 l - a scroll of remove curse
 m - 4 scrolls of amnesia {unknown}
 o - 4 scrolls of teleportation
 r - a scroll of enchant armour {unknown}
 z - a scroll of enchant weapon {unknown}
 A - 2 scrolls of immolation {unknown}
Potions
 e - 2 potions of mutation {unknown}
 g - 2 potions of resistance {unknown}
 n - 2 potions of curing {unknown}
 q - a potion of heal wounds
 t - 2 potions of magic {unknown}
 w - a potion of cancellation {unknown}
 B - 2 potions of might
Comestibles
 c - 13 rations


   Skills:
 + Level 7.5 Fighting
 * Level 13.1 Axes
 * Level 2.7 Armour
 - Level 2.2 Dodging
 + Level 1.3 Stealth


You had 8 spell levels left.
You didn't know any spells.
Your spell library was empty.

Dungeon Overview and Level Annotations

Branches:
Dungeon (6/15)             Temple (0/1) D:5

Altars:
Fedhas
Hepliaklqana
Uskayaw
Yredelemnul
Beogh

Shops:
D:6 !

Annotations:
D:6 Jaiteiro's ghost, novice GnWn


Innate Abilities, Weirdness & Mutations

You reflexively headbutt those who attack you in melee.
You have a pair of horns on your head.


Message History

The orc is lightly wounded.
You slash the orc!
You kill the orc!
Trog accepts your kill.
You hit the orc warrior.
You hit Jaiteiro's ghost but do no damage.
You feel sick. The orc hits you with a dagger.
* * * LOW HITPOINT WARNING * * *
The orc warrior barely misses you.
Items here: ))) [ †† You feel a strong urge to attack something.
You are no longer berserk.
You are exhausted.
You feel yourself slow down.
You feel sick.
You feel much better.
You feel sick.
The orc warrior hits you with a shimmering scimitar {speed}!
* * * LOW HITPOINT WARNING * * *
The orc barely misses you.
The orc warrior hits you with a shimmering scimitar {speed}!!
You die...

#.# #######8...........#
#.# 8.....#.#...########
##.# ..##..#.#...#########
...# ..8#..#.#...........#
...# ..##..#.#...#######.#
.#.# ....#.#.#.......#...#
.#.# [...#.'o#.....#.#.###
.#.# _.8.#.'oW.......#.#
8#.#
[...#.)oo@......#.########
##.#
....#.#)#......<#.#.......
#.#
..##..#.#....####.#.######
#.#
..8#..#(##'#..............
##.#
..##..#..#.###############
.#.# 8.....#..#.. .#.#
#######8.###### ...#
#..........# #..#
#...†)####.########


You could see an orc warrior, Jaiteiro's ghost and 3 orcs.

Vanquished Creatures
  Pikel (D:6)
  Prince Ribbit (D:6)
  Eustachio (D:6)
  A human (D:6)
  Duvessa (D:6)
  2 orc warriors (D:6)
  A necrophage (D:6)
  2 ogres
  Blork the orc (D:5)
  2 bullfrogs
  Dowan (D:6)
  A crimson imp (D:6)
  A human zombie (D:6)
  Crazy Yiuf (D:4)
  4 orc wizards
  A bullfrog skeleton (D:5)
  3 orc priests
  2 hounds
  A centaur skeleton (D:6)
  2 iguanas
  3 worker ants
  A hound zombie (D:6)
  3 gnolls (D:2)
  4 adders
  2 oozes
  An adder skeleton (D:6)
  2 worms
  A dart slug (D:1)
  2 leopard geckos
  34 orcs
  6 giant cockroaches
  5 goblins
  7 hobgoblins
  16 jackals
  7 kobolds
  A quokka (D:3)
  4 bats
  3 frilled lizards
  A jackal skeleton (D:6)
  A quokka zombie (D:6)
  7 rats
141 creatures vanquished.

Vanquished Creatures (others)
  A slave (D:6)
  A hound (D:6)
2 creatures vanquished.

Grand Total: 143 creatures vanquished

Notes
Turn   | Place    | Note
-------+----------+-------------------------------------------
     0 | D:1      | Lauz the Minotaur Berserker began the quest for the Orb.
     0 | D:1      | Reached XP level 1. HP: 19/19 MP: 0/0
   197 | D:1      | Reached skill level 4 in Axes
   316 | D:1      | Reached XP level 2. HP: 27/27 MP: 1/1
  1007 | D:2      | Reached XP level 3. HP: 21/33 MP: 2/2
  1009 | D:2      | Reached skill level 5 in Axes
  1012 | D:2      | Reached ** piety under Trog
  1012 | D:2      | Reached XP level 4. HP: 14/41 MP: 3/3
  1331 | D:2      | Found a hazy altar of Hepliaklqana.
  1331 | D:2      | Found a hide-covered altar of Uskayaw.
  1471 | D:2      | Reached skill level 6 in Axes
  1715 | D:2      | Reached XP level 5. HP: 47/47 MP: 4/4
  2406 | D:3      | Reached skill level 5 in Fighting
  2542 | D:3      | Reached *** piety under Trog
  2754 | D:4      | Noticed an ogre
  2759 | D:4      | Killed an ogre
  2759 | D:4      | Reached skill level 7 in Axes
  2759 | D:4      | Reached XP level 6. HP: 56/56 MP: 5/5
  2873 | D:4      | Found a runed door.
  3078 | D:4      | Reached skill level 8 in Axes
  3245 | D:4      | Got a jewelled glaive
  3383 | D:4      | Noticed Crazy Yiuf
  3388 | D:4      | Killed Crazy Yiuf
  3528 | D:5      | Entered Level 5 of the Dungeon
  3565 | D:5      | Reached XP level 7. HP: 45/61 MP: 6/6
  3597 | D:5      | Found a staircase to the Ecumenical Temple.
  3704 | D:5      | Reached skill level 9 in Axes
  3864 | D:5      | Found a blossoming altar of Fedhas.
  4056 | D:5      | Noticed Blork the orc
  4062 | D:5      | Killed Blork the orc
  4201 | D:6      | Found a runed gate.
  4201 | D:6      | Found a runed gate.
  4201 | D:6      | Found a runed gate.
  4280 | D:6      | Noticed Pikel
  4293 | D:6      | Killed Pikel
  4293 | D:6      | Reached skill level 11 in Axes
  4293 | D:6      | Reached XP level 8. HP: 58/71 MP: 7/7
  4386 | D:6      | Reached **** piety under Trog
  4418 | D:6      | Noticed Eustachio
  4441 | D:6      | Killed Eustachio
  4486 | D:6      | Found Rawk's Distillery.
  4507 | D:6      | Found a runed door.
  4526 | D:6      | HP: 5/106 [orc warrior/halberd (12)]
  4527 | D:6      | HP: 1/106 [orc warrior/halberd (4)]
  4529 | D:6      | Reached skill level 12 in Axes
  4793 | D:6      | Found a basalt altar of Yredelemnul.
  4866 | D:6      | Reached skill level 1 in Stealth
  4930 | D:6      | Noticed Prince Ribbit
  4938 | D:6      | Killed Prince Ribbit
  4938 | D:6      | Reached XP level 9. HP: 64/79 MP: 8/8
  5081 | D:6      | Noticed Duvessa
  5087 | D:6      | Killed Duvessa
  5097 | D:6      | Noticed Jaiteiro's ghost (novice GnWn)
  5102 | D:6      | Noticed Dowan
  5113 | D:6      | Killed Dowan
  5113 | D:6      | Reached skill level 13 in Axes
  5206 | D:6      | Found a roughly hewn altar of Beogh.
  5241 | D:6      | Identified the +5 glaive of Urharej {vamp, +Inv} (You found
                  | it on level 4 of the Dungeon)
  5295 | D:6      | Identified the +7 scimitar of Lap Ges {speed, -Tele +Inv
                  | Str+4 Int+10}
  5295 | D:6      | Mangled by an orc warrior

Skill      XL: |  1  2  3  4  5  6  7  8  9 |
---------------+----------------------------+-----
Axes           | 4 5 6 7 8 11 12 13 | 13.1
Fighting       | 4 5 6 7 |  7.5
Stealth        | 1 |  1.3
Armour         | |  2.7
Dodging        | |  2.2

Action                   |  1- 3 |  4- 6 |  7- 9 || total
-------------------------+-------+-------+-------++-------
Melee: Hand axe          |    48 |    97 |       ||   145
       Headbutt          |     6 |    14 |    41 ||    61
       War axe           |       |    27 |   195 ||   222
Invok: Berserk           |       |     1 |     2 ||     3
  Use: Scroll            |       |       |     8 ||     8
       Potion            |       |       |     2 ||     2
  Eat: Chunk             |       |     9 |     3 ||    12
       Ration            |       |       |     1 ||     1
Armor: Animal skin       |     3 |       |       ||     3
       Ring mail         |     6 |    18 |    19 ||    43
       Chain mail        |       |       |    63 ||    63
Dodge: Dodged            |    19 |    70 |    81 ||   170
